 Dungeon Crawl Stone Soup version 0.27-a0-1595-g0b823d0a13 (webtiles) character file.

Game seed: 747278377567271177

3278 DocSulfur the Grappler (level 9, -5/76 HPs)
             Began as a Troll Hunter on July 20, 2021.
             Was an Initiate of Ru.
             Slain by Grum (17 damage)
             ... on level 8 of the Dungeon.
             The game lasted 00:16:05 (5136 turns).

DocSulfur the Grappler (Troll Hunter)               Turns: 5136, Time: 00:16:06

Health: -5/76      AC:  8    Str: 31    XL:     9   Next: 69%
Magic:  8/8        EV:  9    Int:  7    God:    Ru [......]
Gold:   456        SH:  0    Dex: 10    Spells: 8/8 levels left

rFire    . . .     SeeInvis .     - Unarmed
rCold    . . .     Faith    .   (no shield)
rNeg     . . .     Spirit   .   b - +0 robe
rPois    .         Reflect  .   (helmet restricted)
rElec    .         Harm     .   (no cloak)
rCorr    .         Rampage  .   (gloves unavailable)
Will     .....                  (boots unavailable)
Stlth    +.........             (no amulet)
HPRegen  1.22/turn              f - +6 ring of strength
MPRegen  0.11/turn              g - +4 ring of protection

@: no status effects
A: large, unfitting armour, claws 3, regeneration 1, shaggy fur 1, tough skin 1
a: Renounce Religion


You were on level 8 of the Dungeon.
You worshipped Ru.
Ru was noncommittal.
You visited 2 branches of the dungeon, and saw 10 of its levels.

You collected 456 gold pieces.

Inventory:

Missiles
 c - 2 large rocks (quivered)
 d - 3 throwing nets
 q - 2 silver javelins
 r - 11 atropa-tipped darts
 y - 2 curare-tipped darts
Armour
 b - a +0 robe (worn)
Jewellery
 f - a +6 ring of strength (left claw)
 g - a +4 ring of protection (right claw)
 k - a ring of fire
Wands
 e - a wand of acid (10)
 i - a wand of polymorph (6)
 u - a wand of flame (25)
Scrolls
 j - a scroll of blinking {unknown}
 l - a scroll of magic mapping {unknown}
 p - a scroll of immolation {unknown}
 v - a scroll of enchant armour {unknown}
 x - a scroll of teleportation
 C - a scroll of amnesia {unknown}
Potions
 h - a potion of flight
 n - 3 potions of ambrosia
 o - 2 potions of curing
 s - 2 potions of attraction {unknown}
 t - 2 potions of mutation {unknown}
 z - 3 potions of might
 A - a potion of cancellation
 B - a potion of heal wounds


   Skills:
 - Level 1.5 Fighting
 + Level 8.2 Throwing
 - Level 1.5 Dodging
 - Level 0.3 Stealth
 * Level 11.0 Unarmed Combat


You had 8 spell levels left.
You didn't know any spells.
Your spell library contained the following spells:

 Spells                   Type           Power      Damage    Failure   Level
 Animate Skeleton         Necr           0%         N/A       43%         1
 Magic Dart               Conj           0%         1d3       43%         1
 Pain                     Necr           0%         1d4       43%         1
 Call Imp                 Summ           0%         N/A       56%         2
 Mephitic Cloud           Conj/Pois/Air  0%         N/A       80%         3
 Vampiric Draining        Necr           0%         2d6       80%         3
 Animate Dead             Necr           0%         N/A       99%         4
 Borgnjor's Vile Clutch   Necr/Erth      0%         N/A       100%        5
 Death Channel            Necr           0%         N/A       100%        6


Dungeon Overview and Level Annotations

Branches:
Dungeon (9/15)             Temple (1/1) D:6
   Lair: D:8-11         Orc: D:9-12

Altars:
Ashenzari
Cheibriados
Dithmenos
Elyvilon
Fedhas
Gozag
Hepliaklqana
Kikubaaqudgha
Makhleb
Okawaru
Qazlal
Ru
Trog
Uskayaw
Vehumet
Wu Jian
Xom
Yredelemnul
Zin
The Shining One

Shops:
D:1 :   D:4 =   D:5 *   D:9 (

Annotations:
D:8 Grum


Innate Abilities, Weirdness & Mutations

You are too large for most types of armour.
You have claws for hands.
Your natural rate of healing is unusually fast.
You are covered in fur. (AC +1)
You have tough skin. (AC +1)


Message History

Grum barely misses you. The wolf bites you.
You see here a wolf corpse.
Grum hits you from afar with a -2 spear.
The wolf bites you but does no damage. Grum closely misses you.
The wolf bites you but does no damage. Grum hits you but does no damage.
The wolf bites you.
You mangle the wolf!!
The wolf is almost dead.
The wolf bites you but does no damage.
You miss the wolf.
The wolf is almost dead.
The wolf bites you.
You scratch the wolf.
You kill the wolf!
Grum hits you from afar with a -2 spear!
* * * LOW HITPOINT WARNING * * *
Your Unarmed Combat skill increases to level 11!
You feel much better. Grum barely misses you. Grum closely misses you.
You completely miss Grum. You claw Grum!
Grum is moderately wounded.
Grum hits you with a -2 spear!
You closely miss Grum.
Grum is moderately wounded.
Grum barks.
Grum hits you with a -2 spear!
You closely miss Grum. Your claw misses Grum.
Grum is moderately wounded.
Grum hits you but does no damage.
You claw Grum! Your claw misses Grum.
Grum is heavily wounded.
You barely miss Grum.
Grum is heavily wounded.
Grum hits you with a -2 spear!
* * * LOW HITPOINT WARNING * * *
You scratch Grum.
Grum is severely wounded.
Grum hits you with a -2 spear!
You die...

#################
#.......#........
#.....(.#.#
####.#@# #..†hg.#
.##.##.###
#...h.....#
#.......#.########
###..####........#
#.#..##........###
#........./......#
#.##.##$..>....#.


You could see Grum and a black bear.

Vanquished Creatures
  Pikel (D:4)
  A wyvern (D:8)
  A steam dragon (D:5)
  Menkaure (D:5)
  Edmund (D:6)
  A water moccasin (D:9)
  A black bear (D:3)
  2 sky beasts
  An ice beast (D:5)
  4 lemures
  3 wolves (D:8)
  2 ogres
  2 centaurs
  A kobold brigand (D:9)
  Dowan (D:5)
  A killer bee (D:9)
  2 howler monkeys
  4 orc priests
  2 hounds (D:6)
  4 jellies
  3 centaur skeletons
  Jessica (D:2)
  4 gnoll shamans
  A scorpion zombie (D:5)
  5 orc wizards
  A killer bee zombie (D:9)
  17 gnolls
  2 howler monkey skeletons
  7 adders
  A shadow imp (D:7)
  2 white imps (D:7)
  An adder skeleton (D:4)
  A worm (D:2)
  A dart slug (D:3)
  18 orcs
  5 ball pythons
  7 endoplasms
  2 giant cockroaches (D:2)
  7 goblins
  5 hobgoblins
  6 kobolds
  2 quokkas
  4 bats (D:1)
  2 frilled lizards
  4 rats
145 creatures vanquished.

Notes
Turn   | Place    | Note
-------+----------+-------------------------------------------
     0 | D:1      | DocSulfur the Troll Hunter began the quest for the Orb.
     0 | D:1      | Reached XP level 1. HP: 19/19 MP: 0/0
    33 | D:2      | Noticed Jessica
    36 | D:2      | Killed Jessica
    37 | D:2      | Reached skill level 1 in Unarmed Combat
    37 | D:2      | Reached XP level 2. HP: 27/27 MP: 1/1
    70 | D:2      | Reached XP level 3. HP: 31/33 MP: 2/2
    85 | D:2      | Reached skill level 2 in Unarmed Combat
   199 | D:4      | Found a broken altar of Ashenzari.
   284 | D:4      | Found Gaheyr's Jewellery Emporium.
   330 | D:5      | Entered Level 5 of the Dungeon
   364 | D:7      | Noticed a centaur
   427 | D:4      | Noticed an ogre
   429 | D:4      | Killed an ogre
   430 | D:4      | Reached skill level 3 in Unarmed Combat
   430 | D:4      | Reached XP level 4. HP: 41/41 MP: 3/3
   430 | D:4      | Reached XP level 5. HP: 48/48 MP: 4/4
   600 | D:2      | Reached skill level 4 in Unarmed Combat
  1045 | D:2      | Found a faded altar of an unknown god.
  1749 | D:1      | Found Ycweim's Book Shop.
  1899 | D:3      | Reached XP level 6. HP: 54/55 MP: 5/5
  1927 | D:3      | Reached skill level 5 in Throwing
  1927 | D:3      | Reached skill level 5 in Unarmed Combat
  2082 | D:5      | Noticed Duvessa
  2085 | D:5      | Noticed Duvessa
  2085 | D:5      | Duvessa changed into Duvessa the steam dragon
  2166 | D:5      | Killed Duvessa the steam dragon
  2167 | D:5      | Reached skill level 6 in Unarmed Combat
  2167 | D:5      | Reached XP level 7. HP: 26/62 MP: 6/6
  2260 | D:4      | Noticed Pikel
  2290 | D:4      | Killed Pikel
  2291 | D:4      | Reached skill level 7 in Unarmed Combat
  2291 | D:4      | Reached XP level 8. HP: 70/70 MP: 7/7
  2610 | D:4      | Found a basalt altar of Yredelemnul.
  2611 | D:4      | Found an iron altar of Okawaru.
  2860 | D:5      | Noticed Menkaure
  2868 | D:5      | Killed Menkaure
  2953 | D:5      | Reached skill level 8 in Unarmed Combat
  2955 | D:5      | Found Zucerchau's General Store.
  3040 | D:5      | Noticed Dowan
  3051 | D:5      | Killed Dowan
  3431 | D:6      | Noticed Edmund
  3434 | D:6      | Killed Edmund
  3435 | D:6      | Reached skill level 9 in Unarmed Combat
  3574 | D:6      | Found a staircase to the Ecumenical Temple.
  3583 | Temple   | Entered the Ecumenical Temple
  3743 | Temple   | Became a worshipper of Ru the Awakened
  3816 | D:6      | Found a glowing golden altar of the Shining One.
  4123 | D:7      | Reached XP level 9. HP: 76/76 MP: 8/8
  4566 | D:7      | Reached skill level 10 in Unarmed Combat
  4917 | D:8      | Noticed a two-headed ogre
  4954 | D:9      | Noticed a two-headed ogre
  4964 | D:9      | Noticed a two-headed ogre
  4965 | D:9      | Found Eghoodd's Antique Weapon Shoppe.
  5105 | D:8      | Noticed Grum
  5129 | D:8      | Reached skill level 11 in Unarmed Combat
  5136 | D:8      | Slain by Grum

Illustrated notes

Levels and vault maps discovered:
D:1:      lemuel_arrival_broad_hall, layout_loops_ring, serial_shops,
          nicolae_shop_behind_doors
D:2:      layout_basic, dilly_ecumenical_altar_fadedgnrine,
          minmay_misc_feat_hallway, minmay_tall_x, uniq_jessica
D:3:      layout_rooms
D:4:      layout_basic, gammafunk_temple_overflow_pools,
          nicolae_ashenzari_panopticon, serial_shops, kennysheep_mini,
          uniq_pikel
D:5:      layout_basic, serial_shops, shop, uniq_menkaure, uniq_duvessa
D:6:      layout_rooms, tso_altar, lemuel_temple_firewalk_a,
          chequers_decorated_corner, uniq_edmund
D:7:      layout_rooms, kennysheep_generic_room_14
D:8:      hangedman_cross_stitches, layout_loops_cross,
          nemelex_xobeh_ov_fountains_minmay,
          mainiacjoe_overflow_surrounded_room, minmay_misc_feat_columns,
          uniq_harold, uniq_grum, uniq_psyche
D:9:      layout_rooms, serial_shops, nicolae_shop_trees
Temple:   nicolae_temple_elliptical

Skill      XL: |  1  2  3  4  5  6  7  8  9 |
---------------+----------------------------+-----
Throwing       | 4 5 6 7 8 |  8.2
Unarmed Combat | 1 3 4 6 7 9 11 | 11.0
Fighting       | |  1.5
Dodging        | |  1.5
Stealth        | |  0.3

Action                   |  1- 3 |  4- 6 |  7- 9 || total
-------------------------+-------+-------+-------++-------
Melee: Unarmed           |    43 |   138 |   206 ||   387
       Punch             |       |     1 |    15 ||    16
Throw: Large rock        |     1 |     2 |    20 ||    23
       Throwing net      |       |       |     1 ||     1
Evoke: Wand              |       |     2 |       ||     2
  Use: Scroll            |       |       |    11 ||    11
       Potion            |       |       |     2 ||     2
 Stab: Sleeping          |     1 |     1 |       ||     2
       Held in net/web   |       |       |     1 ||     1
Armor: Robe              |    17 |    67 |    94 ||   178
Dodge: Dodged            |     8 |    76 |    98 ||   182

Table legend: (Time is in decaauts)
 A = Elapsed time spent in this place.
 B = Non-inter-level travel time spent in this place.
 C = Inter-level travel time spent in this place.
 D = Time resting spent in this place.
 E = Time spent auto-exploring this place.
 F = Levels seen in this place.
 G = Mean time per level.
                   A        B        C        D        E       F      G
               +--------+--------+--------+--------+--------+-----+--------+
         Total |   5126 |   4928 |    198 |      0 |   2610 |  10 |  512.6 |
       Dungeon |   4951 |   4766 |    185 |      0 |   2480 |   9 |  550.1 |
        Temple |    174 |    161 |     13 |      0 |    130 |   1 |  174.0 |
               +--------+--------+--------+--------+--------+-----+--------+

Top non-repeatable levels by time:
     D:2: 926 daAuts
     D:4: 818 daAuts
     D:7: 775 daAuts
     D:6: 710 daAuts
     D:5: 682 daAuts
     D:1: 581 daAuts
  Temple: 174 daAuts
     D:8: 172 daAuts
     D:9: 155 daAuts
     D:3: 128 daAuts
